 Dungeon Crawl Stone Soup version 0.23.1 (webtiles) character file.

Game seed: 9920022797885846544

12978 Lauz the Thaumaturge (level 11, -2/54 HPs)
             Began as a Deep Elf Fire Elementalist on Mar 5, 2019.
             Was a Believer of Vehumet.
             Slain by Psyche
             ... wielding a +3 dagger of distortion
              (15 damage)
             ... on level 12 of the Dungeon.
             The game lasted 01:05:50 (17296 turns).

Lauz the Thaumaturge (Deep Elf Fire Elementalist)  Turns: 17296, Time: 01:05:51

Health: -2/54      AC:  9    Str:  5    XL:     11   Next: 69%
Magic:  19/31      EV: 23    Int: 24    God:    Vehumet [**....]
Gold:   466        SH:  4    Dex: 15    Spells: 22/38 levels left

rFire    . . .     SeeInvis .   f - +3 short sword (speed)
rCold    + . .     Gourm    +   J - +0 buckler
rNeg     . . .     Faith    .   O - +0 steam dragon scales
rPois    .         Spirit   .   (no helmet)
rElec    .         Reflect  .   y - +0 cloak
rCorr    .         Harm     .   s - +2 pair of gloves
MR       +....                  (no boots)
Stlth    ++........             z - amulet of the gourmand
HPRegen  0.18/turn              q - ring of protection from cold
MPRegen  0.22/turn              K - +5 ring of evasion

@: no status effects
A: no striking features
a: Renounce Religion


You were on level 12 of the Dungeon.
You worshipped Vehumet.
Vehumet was pleased with you.
You were completely stuffed.

You visited 2 branches of the dungeon, and saw 13 of its levels.

You collected 706 gold pieces.
You spent 240 gold pieces at shops.

Inventory:

Hand Weapons
 f - a +3 short sword of speed (weapon)
 v - a +1 dagger of venom
Armour
 a - a +0 robe
 b - a +0 shield
 p - a +0 pair of gloves
 s - a +2 pair of gloves (worn)
 t - a cursed +0 leather armour
 y - a +0 cloak (worn)
 J - a +0 buckler (worn)
 O - +0 steam dragon scales (worn)
Jewellery
 o - an uncursed amulet of guardian spirit
 q - a ring of protection from cold (left hand)
 z - an amulet of the gourmand (around neck)
 K - a +5 ring of evasion (right hand)
 L - an uncursed ring of protection from cold
Wands
 d - a wand of enslavement (3)
 x - a wand of paralysis (4)
 P - a wand of iceblast (11)
Scrolls
 e - 8 scrolls of identify
 h - 2 scrolls of fear
 i - 6 scrolls of immolation
 j - 4 scrolls of teleportation
 m - 2 scrolls of enchant armour
 n - 4 scrolls of remove curse
 u - 6 scrolls of enchant weapon
 w - 2 scrolls of magic mapping {unknown}
 E - a scroll of amnesia {unknown}
 G - 3 scrolls of blinking
 H - a scroll of silence {unknown}
 I - a scroll of fog {unknown}
Potions
 g - a potion of haste {unknown}
 k - 2 potions of heal wounds
 l - 3 potions of flight {unknown}
 r - a potion of cancellation {unknown}
 A - 4 potions of lignification {unknown}
 B - a potion of degeneration {unknown}
 C - a potion of curing
 D - a potion of resistance {unknown}
 F - 3 potions of brilliance {unknown}
 M - a potion of mutation {unknown}
 N - a potion of magic {unknown}
 Q - a potion of invisibility {unknown}
Comestibles
 c - 20 rations
 R - a chunk of flesh


   Skills:
 * Level 9.1 Dodging
 - Level 2.4 Stealth
 + Level 1.3 Shields
 + Level 14.4 Spellcasting
 + Level 11.4 Conjurations
 - Level 9.1 Fire Magic
 - Level 0.7 Air Magic
 - Level 1.0 Poison Magic


You had 22 spell levels left.
You knew the following spells:

 Your Spells              Type           Power        Failure   Level  Hunger
a - Flame Tongue          Conj/Fire      #####        1%          1    None
b - Conjure Flame         Conj/Fire      ######..     1%          3    None
c - Sticky Flame          Conj/Fire      ######..     1%          4    None
d - Fireball              Conj/Fire      ######....   1%          5    ##.....
e - Mephitic Cloud        Conj/Pois/Air  #####...     2%          3    None

Your spell library contained the following spells:

 Spells                   Type           Power        Failure   Level  Hunger
 Sandblast                Erth           ###...       4%          1    None
 Magic Dart               Conj           ####         1%          1    None
 Throw Flame              Conj/Fire      ######       1%          2    None
 Inner Flame              Hex/Fire       #####...     2%          3    None
 Blink                    Tloc           N/A          7%          2    None
 Call Imp                 Summ           ###.....     7%          2    None
 Slow                     Hex            ###.....     7%          2    None


Dungeon Overview and Level Annotations

Branches:
Dungeon (12/15)            Temple (1/1) D:7            Lair (0/6) D:10
    Orc (0/2) D:10

Altars:
Fedhas
Kikubaaqudgha
Nemelex Xobeh
Qazlal
Ru
Trog
Uskayaw
Vehumet
Wu Jian
Xom
Yredelemnul

Shops:
D:6 :(   D:7 :   D:8 !

Annotations:
D:8 1 runed translucent door, Kairos's ghost, novice VSFi
D:12 Psyche


Message History

A puff of flame appears from out of thin air!
The puff of flame hits you!
The crimson imp shouts, "Quit, thou beslubbering nose-picking frater!"
The iron imp disappears for a moment.
Something barely misses you.
The kobold demonologist mumbles some strange words.
Something hits you. Something hits you. Space warps horribly around you!
You hear some strange, mumbled words.
A puff of frost appears from out of thin air!
The puff of frost hits you but does no damage.
The kobold demonologist gestures wildly while chanting.
You hear some strange, mumbled words.
A puff of flame appears from out of thin air!
The puff of flame hits you.
* * * LOW HITPOINT WARNING * * *
Something hits you.
* * * LOW HITPOINT WARNING * * *
Space warps horribly around you!
You die...

#....K5# #.....
##......# #.....
#.....5.# #.....
#......5# ########.....
........####............
.....)............######
..........#######.#
........5.# #.#
.......@..# +.#
..........# #.#
########..# #.#
#..#######.#
#<..........
#........... #........
#########


You could see an iron imp, a crimson imp and an ufetubus.

Vanquished Creatures
  A hydra (D:11)
  3 two-headed ogres
  An unseen horror (D:11)
  A cyclops (D:11)
  A centaur skeleton (D:11)
  5 kobold demonologists
  A komodo dragon (D:11)
  A hornet (D:7)
  A shadow (D:11)
  A hippogriff (D:11)
  3 wraiths
  2 wyverns (D:10)
  A steam dragon (D:11)
  Grum (D:8)
  Menkaure (D:5)
  A warg (D:10)
  Duvessa (D:6)
  A water moccasin (D:3)
  2 orc warriors
  2 sky beasts
  3 ice beasts
  A hornet zombie (D:6)
  5 phantoms
  3 necrophages
  2 wolves (D:8)
  4 centaurs
  6 ogres
  A crocodile (D:9)
  A big kobold (D:7)
  3 bullfrogs
  2 gnoll sergeants
  Dowan (D:6)
  A water moccasin zombie (D:5)
  2 scorpions
  6 killer bees
  6 howler monkeys
  5 crimson imps
  A centaur zombie (D:5)
  2 quasits (D:9)
  8 hounds
  4 orc priests
  3 jellies
  A bullfrog skeleton (D:7)
  Crazy Yiuf (D:5)
  5 gnoll shamans (D:4)
  An iguana (D:11)
  9 orc wizards
  13 worker ants
  A killer bee zombie (D:10)
  A hound zombie (D:10)
  2 hound skeletons
  A worker ant zombie (D:10)
  53 gnolls
  11 adders
  A howler monkey skeleton (D:9)
  A shadow imp (D:7)
  An adder zombie (D:6)
  2 oozes
  3 worms
  3 dart slugs
  4 leopard geckos
  33 orcs
  7 giant cockroaches
  7 goblins
  11 hobgoblins
  22 jackals
  17 kobolds
  7 quokkas
  3 ball pythons (D:1)
  8 bats
  2 frilled lizards (D:3)
  A jackal zombie (D:5)
  A quokka zombie (D:8)
  13 rats
347 creatures vanquished.

Notes
Turn   | Place    | Note
-------+----------+-------------------------------------------
     0 | D:1      | Lauz the Deep Elf Fire Elementalist began the quest for the
                  | Orb.
     0 | D:1      | Reached XP level 1. HP: 10/10 MP: 6/6
   157 | D:1      | Reached XP level 2. HP: 13/15 MP: 2/8
   626 | D:1      | Reached XP level 3. HP: 19/19 MP: 7/9
  1142 | D:2      | Learned a level 3 spell: Conjure Flame
  1315 | D:2      | Found an ornate altar of the Wu Jian Council.
  1315 | D:2      | Found a hide-covered altar of Uskayaw.
  1316 | D:2      | Found a bloodstained altar of Trog.
  1418 | D:2      | Reached skill level 4 in Spellcasting
  1418 | D:2      | Reached XP level 4. HP: 11/24 MP: 2/12
  2565 | D:3      | Noticed a water moccasin
  2584 | D:3      | Killed a water moccasin
  2584 | D:3      | Reached skill level 5 in Spellcasting
  2584 | D:3      | Reached skill level 5 in Fire Magic
  2584 | D:3      | Reached XP level 5. HP: 20/28 MP: 3/14
  2668 | D:3      | Learned a level 4 spell: Sticky Flame
  3283 | D:4      | Found a sparkling altar of Nemelex Xobeh.
  3292 | D:4      | Reached XP level 6. HP: 18/32 MP: 6/15
  3721 | D:4      | Reached skill level 6 in Spellcasting
  4032 | D:4      | Reached XP level 7. HP: 36/36 MP: 12/18
  4338 | D:4      | Learned a level 5 spell: Fireball
  4362 | D:4      | Reached skill level 7 in Spellcasting
  4376 | D:4      | Reached skill level 5 in Conjurations
  4959 | D:4      | Reached XP level 8. HP: 41/41 MP: 7/21
  5010 | D:4      | HP: 2/41 [gnoll shaman/cursed -3 whip (6)]
  5038 | D:4      | HP: 2/41 [gnoll shaman/+0 club (7)]
  5417 | D:4      | Reached skill level 8 in Spellcasting
  6253 | D:5      | Entered Level 5 of the Dungeon
  6407 | D:5      | Found a runed translucent door.
  6408 | D:5      | Noticed Crazy Yiuf
  6641 | D:5      | Reached skill level 9 in Spellcasting
  7534 | D:5      | Noticed Menkaure
  7538 | D:5      | Killed Menkaure
  7538 | D:5      | Reached XP level 9. HP: 45/45 MP: 13/24
  7802 | D:5      | Killed Crazy Yiuf
  8114 | D:6      | Reached skill level 10 in Spellcasting
  8287 | D:6      | Found Koemiaq's Book Emporium.
  8345 | D:6      | Bought a book of Minor Magic for 240 gold pieces
  8349 | D:6      | Learned a level 3 spell: Mephitic Cloud
  8379 | D:6      | Noticed Duvessa
  8383 | D:6      | Killed Duvessa
  8384 | D:6      | Noticed Dowan
  8845 | D:7      | Reached skill level 11 in Spellcasting
  9102 | D:7      | Reached skill level 5 in Dodging
  9545 | D:6      | Found Miluot's Weapon Emporium.
  9988 | D:6      | Killed Dowan
 10053 | D:6      | Reached XP level 10. HP: 23/50 MP: 19/27
 10386 | D:7      | Found Jabbups's Book Shop.
 10388 | D:7      | Found a staircase to the Ecumenical Temple.
 11533 | D:8      | Found a runed translucent door.
 11533 | D:8      | Noticed Kairos's ghost (novice VSFi)
 11725 | D:8      | Found Celavas's Distillery.
 11756 | D:8      | Noticed Grum
 11763 | D:8      | Killed Grum
 11898 | D:8      | Noticed a two-headed ogre
 11908 | D:8      | Killed a two-headed ogre
 11908 | D:8      | Reached skill level 12 in Spellcasting
 12403 | Temple   | Entered the Ecumenical Temple
 12413 | Temple   | Became a worshipper of Vehumet
 12587 | D:9      | Reached skill level 1 in Poison Magic
 13168 | D:9      | Found a basalt altar of Yredelemnul.
 13168 | D:9      | Found a sacrificial altar of Ru.
 13818 | D:10     | Entered Level 10 of the Dungeon
 13825 | D:9      | Reached * piety under Vehumet
 13825 | D:9      | Offered knowledge of Shock by Vehumet.
 14523 | D:10     | Reached skill level 13 in Spellcasting
 14688 | D:10     | Found a staircase to the Orcish Mines.
 14700 | D:10     | Reached skill level 10 in Conjurations
 14899 | D:10     | Found a staircase to the Lair.
 15043 | D:10     | Noticed a two-headed ogre
 15061 | D:10     | Killed a two-headed ogre
 15061 | D:10     | Reached XP level 11. HP: 54/54 MP: 7/30
 15441 | D:11     | Noticed a seven-headed hydra
 15451 | D:11     | Killed a seven-headed hydra
 15927 | D:11     | Noticed a sixfirhy
 16397 | D:11     | Offered knowledge of Sandblast by Vehumet.
 16404 | D:11     | Reached ** piety under Vehumet
 16520 | D:11     | Reached skill level 1 in Shields
 16520 | D:11     | Reached skill level 14 in Spellcasting
 17009 | D:11     | Killed an unseen horror
 17246 | D:12     | Noticed a two-headed ogre
 17250 | D:12     | Killed a two-headed ogre
 17273 | D:12     | Noticed Psyche
 17296 | D:12     | Slain by Psyche

Skill      XL: |  1  2  3  4  5  6  7  8  9 10 11 |
---------------+----------------------------------+-----
Fire Magic     | 4 5 6 8 9 |  9.1
Spellcasting   | 4 5 6 7 9 11 13 14 | 14.4
Conjurations   | 2 3 4 5 6 8 10 11 | 11.4
Dodging        | 3 4 5 7 9 |  9.1
Poison Magic   | 1 |  1.0
Shields        | 1 |  1.3
Stealth        | |  2.4
Air Magic      | |  0.7

Action                   |  1- 3 |  4- 6 |  7- 9 | 10-12 || total
-------------------------+-------+-------+-------+-------++-------
Melee: Short sword       |     1 |     1 |   152 |   126 ||   280
 Cast: Flame Tongue      |    73 |    87 |   308 |   259 ||   727
       Conjure Flame     |       |     2 |       |     6 ||     8
       Sticky Flame      |       |     5 |    23 |    36 ||    64
       Fireball          |       |       |    29 |    41 ||    70
       Mephitic Cloud    |       |       |     1 |    20 ||    21
  Use: Scroll            |       |       |    12 |       ||    12
       Potion            |       |       |     4 |       ||     4
 Stab: Sleeping          |       |       |       |     1 ||     1
  Eat: Chunk             |     1 |     9 |    29 |    30 ||    69
Armor: Robe              |     3 |     9 |    44 |    19 ||    75
       Steam dragon scal |       |       |       |    19 ||    19
Dodge: Dodged            |    16 |    19 |   130 |   214 ||   379
Block: Buckler           |       |       |       |    23 ||    23
